 Dungeon Crawl Stone Soup version 0.27.1-33-g824d729ab1 (webtiles) character file.

Game seed: 18272008370550541197

198 jlumianski the Skirmisher (level 5, -1/33 HPs)
             Began as a Gargoyle Monk on Dec 19, 2021.
             Was a Believer of Dithmenos.
             Killed by divine providence
             ... invoked by an orc priest
              (15 damage)
             ... on level 4 of the Dungeon.
             The game lasted 00:15:50 (3982 turns).

jlumianski the Skirmisher (Gargoyle Monk)           Turns: 3982, Time: 00:15:50

Health: -1/33      AC:  9    Str: 22    XL:     5   Next: 76%
Magic:  6/6        EV: 11    Int: 12    God:    Dithmenos [**....]
Gold:   145        SH:  0    Dex: 12    Spells: 5/6 levels left

rFire    . . .     SeeInvis .   d - +2 lajatang "Sorph" {vorpal, Str+6 Int+2}
rCold    . . .     Faith    .   (shield currently unavailable)
rNeg     + . .     Spirit   .   n - +0 ring mail
rPois    ∞         Reflect  .   (no helmet)
rElec    +         Harm     .   (no cloak)
rCorr    .         Rampage  .   (no gloves)
Will     .....                  (no boots)
Stlth    ++........             (no amulet)
HPRegen  0.11/turn              (no ring)
MPRegen  0.10/turn              (no ring)

@: wreathed by umbra
A: sickness immunity, AC +4, negative energy resistance 1, electricity
resistance, torment resistance 1, petrification resistance
a: Renounce Religion, Shadow Step


You were on level 4 of the Dungeon.
You worshipped Dithmenos.
Dithmenos was pleased with you.
You visited 1 branch of the dungeon, and saw 4 of its levels.

You collected 145 gold pieces.

Inventory:

Hand Weapons
 a - a +0 hand axe
 d - the +2 lajatang "Sorph" (weapon) {vorpal, Str+6 Int+2}
   (You acquired it on level 4 of the Dungeon)

   It inflicts extra damage upon your enemies.
   Str:       It affects your strength (+6).
   Int:       It affects your intelligence (+2).
 g - a +1 hand axe of freezing
Missiles
 c - 102 stones (quivered)
 h - 2 curare-tipped darts
Armour
 b - a +0 robe
 n - a +0 ring mail (worn)
 p - a +0 buckler
Scrolls
 e - 2 scrolls of magic mapping {unknown}
 f - a scroll of identify
 o - a scroll of teleportation {unknown}
Potions
 j - a potion of lignification
 k - 2 potions of brilliance {unknown}
 l - a potion of mutation
 m - 7 potions of curing


   Skills:
 + Level 3.9 Fighting
 - Level 3.7 Axes
 * Level 0.9 Staves
 + Level 1.8 Armour
 + Level 2.9 Dodging
 + Level 2.8 Stealth
 + Level 1.2 Spellcasting
 + Level 1.1 Summonings


You had 5 spell levels left.
You knew the following spells:

 Your Spells              Type           Power      Damage    Failure   Level
a - Summon Small Mammal   Summ           12%        N/A       30%         1

Your spell library contained the following spells:

 Spells                   Type           Power      Damage    Failure   Level
 Animate Skeleton         Necr           0%         N/A       43%         1
 Apportation              Tloc           0%         N/A       43%         1
 Corona                   Hex            0%         N/A       43%         1
 Corpse Rot               Necr/Air       N/A        N/A       58%         2
 Poisonous Vapours        Pois/Air       0%         N/A       58%         2
 Ignite Poison            Fire/Tmut/Pois 0%         N/A       82%         3
 Mephitic Cloud           Conj/Pois/Air  0%         N/A       82%         3
 Portal Projectile        Hex/Tloc       0%         N/A       82%         3
 Blade Hands              Tmut           0%         N/A       100%        5
 Bolt of Magma            Conj/Fire/Erth 0%         4d4       100%        5
 Excruciating Wounds      Necr           0%         N/A       100%        5
 Freezing Cloud           Conj/Ice/Air   0%         6-21      100%        5


Dungeon Overview and Level Annotations

Branches:
Dungeon (4/15)
 Temple: D:4-7

Altars:
Dithmenos
Qazlal
Zin


Innate Abilities, Weirdness & Mutations

You are immune to sickness and miasma.
Your stone body is resilient. (AC +4)
You are immune to poison.
You resist negative energy. (rN+)
You are resistant to electric shocks. (rElec)
You are resistant to unholy torment.
You are immune to petrification.


Message History

Found 12 gold pieces.
You now have 145 gold pieces (gained 12).
An orc wizard comes into view. It is wielding a +0 dagger.
The orc wizard shouts!
You hear an angry hiss.
The orc wizard gestures wildly while chanting.
The orc wizard flickers and vanishes!
Deactivating autopickup; reactivate with Ctrl-A.
An orc comes into view. It is wielding a +0 flail.
An orc priest comes into view. It is wielding a +0 morningstar.
The orc priest shouts!
An orc priest comes into view. It is wielding a +0 flail.
Something tries to affect you, but you resist.
The orc priest shouts!
An orc wizard comes into view. It is wielding a +0 dagger.
The orc priest invokes the aid of Beogh against you.
Beogh smites you!
The kobold shouts!
The orc wizard shouts!
You closely miss the orc priest.
A ball python comes into view.
The orc priest barely misses you.
The orc priest invokes the aid of Beogh against you.
Beogh smites you!
The orc priest hits you with a +0 morningstar.
* * * LOW HITPOINT WARNING * * *
You feel better.
The orc priest mumbles some strange prayers to Beogh against you.
You barely resist.
The ball python hisses angrily.
You slash the orc priest!
You kill the orc priest!
Dithmenos accepts your kill.
A magic dart appears from out of thin air!
The magic dart hits you.
Your Summonings skill increases to level 1!
You hear some strange, mumbled words.
Something tries to affect you, but you resist.
The kobold throws a stone.
The orc priest mumbles some strange prayers to Beogh against you.
Beogh smites you!
You die... ....# ##........## ....# #..####.... ... #..<# #....
Ko.

#...# #.... #o# #...# #....
#)#####[#.###....
#.#.....#..##....
################.#.....#..##....
#...<..........@.#.....#...##)##
#.........############.#....<...
#.........# #.###..#)##
#.........##### #.# ##.#.##
#.............# #.# #.....
########....>.# #.# ##..##
#......# #.#####..## #......#
#....##.># #####.## ####)###.#


You could see an orc priest and an orc.

Vanquished Creatures
  A hound (D:4)
  A jelly (D:4)
  An orc priest (D:4)
  4 adders
  An adder skeleton (D:4)
  A worm (D:2)
  3 dart slugs
  3 orcs
  8 ball pythons
  5 endoplasms
  3 giant cockroaches
  5 goblins
  5 hobgoblins
  3 jackals (D:1)
  A quokka (D:3)
  5 bats
  2 frilled lizards (D:2)
  5 kobolds
  5 rats
62 creatures vanquished.

Vanquished Creatures (collateral kills)
  A goblin (D:4)
  A ball python (D:3)
  A bat (D:3)
3 creatures vanquished.

Grand Total: 65 creatures vanquished

Notes
Turn   | Place    | Note
-------+----------+-------------------------------------------
     0 | D:1      | jlumianski the Gargoyle Monk began the quest for the Orb.
     0 | D:1      | Reached XP level 1. HP: 14/14 MP: 1/1
   313 | D:1      | Reached XP level 2. HP: 14/19 MP: 2/2
  1296 | D:2      | Reached XP level 3. HP: 24/24 MP: 3/3
  1826 | D:2      | Found a faded altar of an unknown god.
  2290 | D:3      | Learned a level 1 spell: Summon Small Mammal
  2307 | D:3      | Reached XP level 4. HP: 23/29 MP: 4/4
  3000 | D:4      | HP: 1/29 [orc (4)]
  3098 | D:3      | Reached skill level 1 in Armour
  3428 | D:4      | Found a glowing silver altar of Zin.
  3450 | D:4      | Reached XP level 5. HP: 9/33 MP: 1/5
  3722 | D:4      | Identified a scroll of acquirement
  3722 | D:4      | Acquired the +2 lajatang "Sorph" {vorpal, Str+6 Int+2}
  3835 | D:4      | Found a stormy altar of Qazlal.
  3882 | D:4      | Found a shadowy altar of Dithmenos.
  3903 | D:4      | Became a worshipper of Dithmenos the Shadowed
  3903 | D:4      | Reached * piety under Dithmenos
  3903 | D:4      | Reached ** piety under Dithmenos
  3941 | D:4      | Reached skill level 1 in Spellcasting
  3981 | D:4      | Reached skill level 1 in Summonings
  3982 | D:4      | Killed from afar by an orc priest

Illustrated notes

Levels and vault maps discovered:
D:1:      dpeg_arrival_ternary, layout_loops_ring, serial_aquarium,
          aquarium_bridge_straight [aquarium_subvault_bridge,
          aquarium_subvault_balcony, aquarium_subvault_bridge,
          aquarium_subvault_wall], aquarium_bridge_square
          [aquarium_subvault_bridge, aquarium_subvault_wall,
          aquarium_subvault_window, aquarium_subvault_window],
          aquarium_window_3, aquarium_window_fake, aquarium_window_fake,
          aquarium_window_2, aquarium_view_2f, aquarium_balcony_3b,
          aquarium_pool_1, st_stairs_3, hangedman_decor_push
D:2:      layout_loops_ring, hellmonk_ecumenical_altar_crossroads,
          minmay_circle_x
D:3:      layout_basic, lemuel_old_faithful, uniq_natasha
D:4:      layout_basic, mainiacjoe_overflow_catch_the_wave, kennysheep_mini,
          portal_sewer_entry_b, minmay_misc_feat_hallway

Skill      XL: |  1  2  3  4  5 |
---------------+----------------+-----
Axes           | 3 |  3.7
Armour         | 1 |  1.8
Spellcasting   | 1 |  1.2
Summonings     | 1 |  1.1
Fighting       | |  3.9
Staves         | |  0.9
Dodging        | |  2.9
Stealth        | |  2.8

Action                   |  1- 3 |  4- 6 || total
-------------------------+-------+-------++-------
Melee: Hand axe          |   133 |    76 ||   209
       Lajatang          |       |     4 ||     4
 Cast: Summon Small Mamm |     1 |    14 ||    15
  Use: Potion            |     1 |     1 ||     2
       Scroll            |       |     6 ||     6
 Stab: Sleeping          |     6 |       ||     6
Armor: Robe              |    41 |     3 ||    44
       Skin              |     2 |       ||     2
       Ring mail         |       |    29 ||    29
Dodge: Dodged            |    88 |    63 ||   151
